Map: Deathaura LE

Players

LiquidMaNa (MaNa)

  • Race: Protoss Protoss
  • League: Grandmaster
  • Spawn Location: 5:00

Denver - Winner!

  • Race: Zerg Zerg
  • League: Grandmaster
  • Spawn Location: 11:00

Event: DreamHack SC2 Masters 2020 Winter

VOD

Have the link to the VOD?

Description

Time

  • Played on: Oct. 30, 2020, 12:53 p.m.
  • Length: 14:19

All games in this series

Show
View Real Time Build Order
Export as new Build Order

LiquidMaNa Protoss 

Build Orders: 1 Gate Expand, Oracle Opening, Archon Immortal, Archon Drop 

Get SALT Encoding   

  12  0:00  Probe  
  13  0:12  Probe  
  14  0:18  Pylon  
  14  0:24  Probe (Chrono Boost)  
  15  0:36  Probe (Chrono Boost)  
  15  0:42  Gateway  
  16  0:45  Probe (Chrono Boost)  
  17  0:50  Assimilator  
  17  0:51  Probe  
  18  1:04  Probe (Chrono Boost)  
  19  1:13  Probe (Chrono Boost)  
  20  1:26  Nexus  
  20  1:36  Cybernetics Core  
  20  1:39  Probe  
  21  1:46  Assimilator  
  21  1:51  Probe  
  22  1:56  Pylon  
  22  2:03  Probe  
  23  2:11  Adept (Chrono Boost)  
  23  2:13  Warp Gate  
  25  2:15  Probe  
  26  2:27  Stargate  
  26  2:28  Probe  
  27  2:34  Stalker  
  29  2:39  Probe  
  29  2:40  Probe  
  31  2:51  Probe  
  31  2:52  Probe  
  32  3:04  Probe x2  
  34  3:07  Oracle (Chrono Boost)  
  37  3:15  Gateway  
  37  3:16  Probe x2  
  37  3:17  Adept  
  41  3:24  Assimilator  
  41  3:26  Assimilator  
  41  3:28  Probe x2  
  41  3:33  Pylon  
  43  3:35  Oracle (Chrono Boost)  
  46  3:48  Pylon  
  46  3:51  Probe x2  
  46  3:56  Robotics Facility  
  46  4:01  Adept  
  48  4:03  Probe x2  
  50  4:15  Probe (Chrono Boost)  
  50  4:16  Probe (Chrono Boost)  
  52  4:18  Twilight Council  
  52  4:27  Probe x2 (Chrono Boost)  
  54  4:32  Probe (Chrono Boost)  
  54  4:33  Gateway, Probe (Chrono Boost)  
  54  4:34  Gateway  
  56  4:40  Pylon  
  56  4:42  Probe  
  57  4:50  Observer (Chrono Boost)  
  58  4:54  Nexus  
  58  4:58  Probe x2  
  60  5:02  Templar Archives  
  60  5:09  Warp Prism (Chrono Boost)  
  62  5:16  Pylon  
  62  5:18  Zealot  
  62  5:20  Zealot  
  66  5:24  Probe x2  
  68  5:37  Probe x2  
  68  5:40  Pylon  
  68  5:41  High Templar x4  
  78  5:45  Archon  
  78  5:46  Archon, Pylon  
  78  5:48  Charge  
  78  6:00  Pylon x2  
  78  6:01  Immortal (Chrono Boost)  
  78  6:04  Probe x2  
  84  6:06  Probe  
  84  6:10  Shield Battery  
  85  6:16  High Templar x2, Probe x2  
  85  6:17  Zealot  
  93  6:18  Probe  
  93  6:19  Zealot  
  93  6:21  Archon  
  96  6:27  Assimilator  
  96  6:28  Probe x2  
  96  6:30  Assimilator  
  98  6:35  Probe  
  99  6:40  Probe x2, Immortal (Chrono Boost)  
  106  6:47  Probe  
  106  6:51  Zealot, Sentry x2  
  106  6:53  Zealot  
  113  6:55  Probe  
  113  7:00  Gateway  
  114  7:08  Gateway  
  114  7:09  Gateway  
  114  7:17  Gateway x2, Pylon  
  114  7:19  Shield Battery  
  115  7:31  Forge  
  115  7:35  Immortal  
  119  7:37  High Templar x3  
  119  7:43  Pylon  
  124  7:54  Archon  
  124  7:58  Nexus  
  124  8:02  Pylon  
  124  8:06  Protoss Ground Weapons Level 1  
  124  8:10  Nexus  
  124  8:12  Photon Cannon  
  124  8:13  Shield Battery  
  124  8:14  Immortal  
  124  8:19  Probe x3  
  131  8:20  High Templar  
  131  8:21  High Templar x2, Zealot x2  
  131  8:25  Pylon  
  141  8:27  Pylon  
  141  8:28  Pylon  
  141  8:30  Pylon  
  141  8:39  Assimilator  
  141  8:42  Psionic Storm  
  141  8:43  Assimilator, Probe  
  141  8:45  Pylon  
  142  8:51  High Templar x4  
  150  9:00  Zealot x5  
  160  9:08  Immortal  
  160  9:09  Photon Cannon  
  164  9:11  Photon Cannon  
  164  9:13  Shield Battery  
  156  9:25  Zealot x3  
  156  9:26  Zealot x5  
  164  9:52  Zealot x7  
  166  10:06  Zealot x2, Probe  
  163  10:07  Probe x2  
  163  10:09  Immortal  
  163  10:14  High Templar x7  
  179  10:19  Archon x3  
  179  10:20  Archon  
  173  10:27  Photon Cannon  
  171  10:30  Probe x2  
  159  10:38  Zealot x2  
  159  10:41  Protoss Ground Weapons Level 2  
  159  10:43  Probe x2  
  159  10:49  Zealot x7  
  147  11:08  Zealot  
  147  11:09  Zealot x8  
  147  11:15  Warp Prism, Pylon  
  147  11:17  Pylon, Probe x2  
  135  11:18  Probe x2  
  137  11:29  Zealot  
  137  11:31  High Templar x8  
  153  11:36  Archon x2  
  153  11:45  Fleet Beacon  
  153  11:46  Stargate  
  153  11:53  Photon Cannon  
  141  11:56  Photon Cannon  
  141  12:02  High Templar  
  141  12:03  High Templar  
  141  12:04  High Templar x2, Zealot x5  
  141  12:06  Protoss Air Weapons Level 1 (Chrono Boost)  
  141  12:08  Archon x2  
  150  12:29  Zealot x4  
  138  12:32  Mothership (Chrono Boost)  
  136  12:42  High Templar x2  
  140  12:46  Zealot x2  
  140  12:51  Carrier (Chrono Boost)  
  150  13:03  Archon x2  
  150  13:04  Zealot x4  
  120  13:20  Zealot x4  
  112  13:31  Zealot x4  
  117  13:48  High Templar  
  117  13:49  High Templar, Zealot x2  
  117  13:54  Archon  
  125  13:56  High Templar x2, Zealot x2  
  132  14:05  Archon  
Show
View Real Time Build Order
Export as new Build Order

Denver Zerg - Winner!

Build Orders: Hatch First 

Get SALT Encoding   

  12  0:00  Drone  
  13  0:12  Overlord  
  13  0:16  Drone  
  14  0:30  Drone x2  
  16  0:47  Hatchery  
  15  0:51  Drone  
  15  0:55  Drone  
  17  0:58  Drone  
  18  1:09  Extractor  
  17  1:13  Spawning Pool  
  17  1:17  Drone  
  17  1:20  Drone  
  18  1:29  Drone  
  19  1:38  Drone  
  20  1:49  Overlord  
  20  2:00  Queen x2  
  24  2:01  Zergling x4  
  26  2:10  Metabolic Boost  
  26  2:13  Drone  
  26  2:14  Drone  
  28  2:22  Drone x2  
  30  2:37  Hatchery  
  30  2:40  Drone  
  30  2:43  Drone  
  31  2:45  Drone  
  31  2:49  Overlord  
  32  2:54  Drone x2  
  34  3:05  Spore Crawler  
  32  3:07  Zergling x4  
  32  3:09  Drone  
  32  3:10  Drone, Overlord  
  37  3:15  Drone  
  38  3:20  Overlord  
  38  3:23  Spore Crawler  
  38  3:25  Spore Crawler, Overlord  
  36  3:30  Drone  
  36  3:32  Queen  
  39  3:37  Drone  
  39  3:39  Drone  
  41  3:43  Drone  
  41  3:44  Drone x2  
  41  3:47  Drone  
  41  3:48  Drone x2  
  47  3:54  Drone x3  
  49  3:58  Spore Crawler  
  49  4:02  Drone  
  49  4:05  Queen  
  49  4:09  Overlord  
  51  4:12  Drone  
  51  4:13  Drone  
  53  4:19  Zergling x8  
  53  4:21  Drone  
  53  4:22  Drone  
  59  4:25  Drone  
  59  4:28  Roach Warren  
  59  4:31  Zergling x2  
  60  4:33  Lair  
  60  4:37  Overlord  
  60  4:42  Drone x4  
  61  4:48  Drone x5  
  64  4:53  Drone x2  
  64  4:56  Drone x2  
  64  4:57  Drone  
  69  5:02  Extractor  
  69  5:04  Drone  
  69  5:05  Drone, Queen  
  72  5:07  Overlord  
  72  5:11  Overlord  
  72  5:17  Extractor  
  72  5:18  Evolution Chamber  
  72  5:20  Roach  
  72  5:21  Roach, Overlord  
  74  5:26  Drone x8  
  82  5:31  Overlord  
  82  5:35  Extractor  
  81  5:38  Drone x3  
  83  5:45  Drone x2  
  83  5:48  Spore Crawler  
  83  5:52  Spore Crawler, Hatchery  
  83  5:53  Drone  
  83  5:54  Drone x2  
  84  5:58  Overseer  
  84  6:01  Roach x4  
  90  6:07  Roach  
  91  6:14  Extractor, Zerg Missile Weapons Level 1  
  91  6:15  Drone x3, Extractor  
  91  6:17  Queen  
  93  6:19  Roach  
  93  6:20  Roach x3  
  93  6:22  Overlord  
  93  6:23  Overseer  
  101  6:27  Roach x3  
  107  6:37  Roach x4, Overlord x2  
  113  6:41  Overlord  
  113  6:50  Overlord  
  113  6:51  Roach x5  
  113  6:52  Roach  
  121  6:54  Overlord  
  121  6:56  Overlord  
  121  7:00  Drone  
  122  7:03  Drone x6  
  122  7:05  Ravager x2  
  122  7:06  Ravager  
  131  7:08  Drone  
  131  7:12  Roach x5  
  137  7:17  Overlord  
  137  7:19  Hydralisk Den, Roach  
  138  7:25  Ravager  
  138  7:26  Overlord, Ravager x3  
  138  7:28  Roach x3  
  148  7:31  Roach  
  148  7:33  Overlord  
  148  7:37  Spore Crawler, Roach x5  
  149  7:38  Roach  
  149  7:40  Overlord  
  161  7:46  Roach  
  161  7:48  Roach x5  
  166  7:53  Drone  
  167  8:00  Roach x7  
  167  8:03  Ravager x3  
  184  8:06  Glial Reconstitution  
  183  8:14  Drone x10  
  193  8:26  Zerg Melee Weapons Level 1  
  193  8:27  Evolution Chamber  
  192  8:41  Ravager x5  
  195  8:42  Baneling Nest  
  196  8:51  Extractor  
  196  8:53  Drone x3  
  198  8:57  Hatchery  
  197  9:14  Zerg Missile Weapons Level 2  
  184  9:24  Roach  
  184  9:25  Roach x10  
  188  9:39  Centrifical Hooks  
  188  9:41  Zergling x2  
  188  9:42  Zergling x22  
  169  10:01  Zergling x32  
  169  10:02  Roach x9  
  193  10:16  Baneling x9  
  193  10:23  Zergling x2  
  193  10:24  Zergling x12  
  198  10:29  Infestation Pit  
  198  10:30  Zergling x10  
  193  10:36  Zergling x2  
  193  10:37  Zergling x10  
  198  10:45  Spire  
  185  10:57  Extractor, Zergling x2  
  185  10:58  Zergling x30, Roach  
  182  11:05  Roach x10  
  147  11:13  Roach x6  
  147  11:18  Roach x2  
  151  11:21  Hive  
  151  11:24  Roach x9  
  167  11:30  Roach  
  167  11:31  Roach x2  
  167  11:32  Ravager x7  
  177  11:36  Baneling x13, Overseer  
  177  11:37  Zergling x10  
  181  11:44  Baneling  
  181  11:45  Baneling x12  
  181  11:46  Zergling x14  
  188  11:52  Zergling x12, Roach  
  189  11:55  Baneling x2  
  189  11:57  Baneling x10  
  189  12:01  Zergling x16  
  191  12:06  Zergling x2  
  191  12:07  Zergling x2  
  191  12:21  Zergling x26  
  175  12:32  Roach x11  
  178  12:42  Ravager x2  
  178  12:44  Zergling x18  
  178  12:48  Baneling  
  178  12:49  Baneling x13  
  178  12:50  Drone  
  178  12:51  Drone  
  189  12:56  Baneling x11  
  180  13:12  Zergling x30  
  172  13:20  Roach x6  
  172  13:25  Zergling x2  
  172  13:26  Zergling x8  
  166  13:28  Baneling x6  
  166  13:29  Baneling  
  164  13:37  Zergling x16  
  172  13:43  Baneling x12  
  177  13:48  Ravager x6  
  177  13:50  Baneling  
  177  13:51  Baneling x5  
  178  13:56  Zergling x14  
Tags
 
Add a new tag
Caveats
  • Supply blocks, unpowered buildings, or Contaminate may cause inaccurate times.
  • Supply counts are checked every 10 seconds.